 Dungeon Crawl Stone Soup version 0.27-a0-1123-g2f9bb313c0 (webtiles) character file.

Game seed: 14547196638575948099

49 Zeld the Skirmisher (level 3, 0/26 HPs)
             Began as an Octopode Fighter on May 3, 2021.
             Killed from afar by an orc wizard (8 damage)
             ... with a magic dart
             ... on level 2 of the Dungeon.
             The game lasted 00:01:42 (1855 turns).

Zeld the Skirmisher (Octopode Fighter)              Turns: 1855, Time: 00:01:43

Health: 0/26       AC:  1    Str: 16    XL:     3   Next: 77%
Magic:  3/3        EV: 11    Int: 10    God:
Gold:   96         SH:  0    Dex: 11    Spells: 2/2 levels left

rFire    . . .     SeeInvis .   a - +0 war axe
rCold    . . .     Faith    .   b - +0 kite shield
rNeg     . . .     Spirit   .   (helmet restricted)
rPois    .         Reflect  .   (no amulet)
rElec    .         Harm     .   (no ring)
rCorr    .         Rampage  .   (no ring)
Will     .....                  (no ring)
Stlth    ++........             (no ring)
HPRegen  0.08/turn              (no ring)
MPRegen  0.08/turn              (no ring)
                                (no ring)
                                (no ring)

@: confused
A: almost no armour, amphibious, 8 rings, camouflage 1, gelatinous body 1,
(nimble swimmer 1), tentacles
a: no special abilities


You were on level 2 of the Dungeon.
You visited 1 branch of the dungeon, and saw 2 of its levels.

You collected 96 gold pieces.

Inventory:

Hand Weapons
 a - a +0 war axe (weapon)
Armour
 b - a +0 kite shield (worn)
Scrolls
 d - 2 scrolls of identify {unknown}
 g - a scroll of noise {unknown}
 i - a scroll of magic mapping {unknown}
 j - a scroll of fog {unknown}
 k - a scroll of torment {unknown}
Potions
 c - 2 potions of might
 e - 2 potions of heal wounds {unknown}
 f - a potion of berserk rage {unknown}
 h - a potion of flight {unknown}


   Skills:
 * Level 3.6 Fighting
 * Level 2.7 Axes
 - Level 3.0 Dodging
 * Level 3.6 Shields


You had 2 spell levels left.
You didn't know any spells.
Your spell library was empty.

Dungeon Overview and Level Annotations

Branches:
Dungeon (2/15)

Altars:
Vehumet

Shops:
D:2 (


Innate Abilities, Weirdness & Mutations

You cannot wear most types of armour.
You are amphibious.
You can wear up to eight rings at the same time.
Your skin changes colour to match your surroundings (Stealth+).
Your rubbery body absorbs attacks. (AC +1, EV +1)
((You are camouflaged near water. (Stealth+)))
You have tentacles for arms and can constrict up to eight enemies at once.


Message History

There is a stone staircase leading up here.
The orc hits you with a +1 antimagic hand axe.
You feel your power leaking away.
You climb upwards.
Reactivating autopickup.
There is a stone staircase leading down here.
You slash the orc!
You kill the orc!
No target in view!
You see here a +1 antimagic hand axe.
You start resting.
Magic restored.
You start resting.
HP restored.
There is a stone staircase leading down here.
You climb downwards.
The orc wizard points at you and mumbles some strange words.
The puff of flame hits you!
There is a stone staircase leading up here.
The orc wizard hits you with a +0 dagger.
You miss the orc wizard. Your grab misses the orc wizard.
Your squeeze misses the orc wizard.
The orc wizard hits you with a +0 dagger.
You are too injured to fight recklessly!
You are too injured to fight recklessly!
You are too injured to fight recklessly!
You are too injured to fight recklessly!
You miss the orc wizard. Your grab misses the orc wizard.
You block the orc wizard's attack. The orc wizard completely misses you.
You slash the orc wizard! You grab the orc wizard.
The orc wizard is heavily wounded.
You constrict the orc wizard.
The orc wizard points at you and mumbles some strange words.
You are confused.
The orc wizard hits you with a +0 dagger.
You bump into the rock wall.
You constrict the orc wizard, but do no damage.
The orc wizard casts a spell at you. The magic dart hits you!
You die...

......#####
##..#######
....#.....# #..##
.#........# #.##
......##### #.#
....#..## #.#
...###..#### #.#
##.####....####.##
#..# ####......o#
##.# ######.@###
###.# ###.<..#
..#.#########......#
#.............#.####
.....#.###......#
.......###......#
.._............##
.....####....>.#
.....# #......#


You could see an orc wizard.

Vanquished Creatures
  A dart slug (D:1)
  2 orcs (D:1)
  2 ball pythons
  4 endoplasms
  2 giant cockroaches
  3 goblins (D:1)
  5 hobgoblins
  6 jackals (D:1)
  4 kobolds (D:1)
  3 quokkas
  2 bats (D:1)
  2 frilled lizards
  A rat (D:2)
37 creatures vanquished.

Vanquished Creatures (others)
  5 toadstools (D:1)
5 creatures vanquished.

Grand Total: 42 creatures vanquished

Notes
Turn   | Place    | Note
-------+----------+-------------------------------------------
     0 | D:1      | Zeld the Octopode Fighter began the quest for the Orb.
     0 | D:1      | Reached XP level 1. HP: 16/16 MP: 1/1
   103 | D:1      | Reached XP level 2. HP: 15/21 MP: 2/2
   536 | D:1      | Reached XP level 3. HP: 26/26 MP: 3/3
  1287 | D:2      | Found a radiant altar of Vehumet.
  1308 | D:2      | Found Kikhugh's Weapon Shoppe.
  1570 | D:2      | Noticed an orc warrior
  1855 | D:2      | Killed from afar by an orc wizard

Illustrated notes

Levels and vault maps discovered:
D:1:      ldierk_walled_garden, layout_loops_ring, minivault_11,
          corexii_corridor_pit, minmay_tree_intersection
D:2:      layout_rooms, serial_shops, shop, basic_altar,
          amcnicky_mini_rare_corridor_liquid, minmay_joined_circles

Action                   || total
-------------------------++-------
Melee: War axe           ||    69
       Tentacles         ||     9
       Constrict         ||    17
 Stab: Sleeping          ||     7
Armor: Skin              ||     6
Dodge: Dodged            ||    34
Block: Kite shield       ||    28

Table legend: (Time is in decaauts)
 A = Elapsed time spent in this place.
 B = Non-inter-level travel time spent in this place.
 C = Inter-level travel time spent in this place.
 D = Time resting spent in this place.
 E = Time spent auto-exploring this place.
 F = Levels seen in this place.
 G = Mean time per level.
                   A        B        C        D        E       F      G
               +--------+--------+--------+--------+--------+-----+--------+
         Total |   1899 |   1883 |     16 |    232 |   1355 |   2 |  949.5 |
       Dungeon |   1899 |   1883 |     16 |    232 |   1355 |   2 |  949.5 |
               +--------+--------+--------+--------+--------+-----+--------+

Top non-repeatable levels by time:
     D:1: 1548 daAuts
     D:2: 350 daAuts
